 Dungeon Crawl Stone Soup version 0.26-a0-854-gdc81c2f471 (webtiles) character file.

Game seed: 5264426874885205809

584 Gezukamaru the Changer (level 7, -1/46 HPs)
             Began as an Octopode Transmuter on Nov 22, 2020.
             Killed by divine providence
             ... invoked by an orc priest
              (7 damage)
             ... on level 4 of the Dungeon.
             The game lasted 00:15:03 (4987 turns).

Gezukamaru the Changer (Octopode Transmuter)        Turns: 4987, Time: 00:15:04

Health: -1/46      AC:  1    Str: 10    XL:     7   Next: 37%
Magic:  0/11       EV: 14    Int: 17    God:
Gold:   346        SH:  0    Dex: 12    Spells: 8/12 levels left

rFire    + . .     SeeInvis .   a - +3 dagger (venom)
rCold    . . .     Faith    .   (no shield)
rNeg     . . .     Spirit   +   (helmet restricted)
rPois    .         Reflect  .   u - amulet of guardian spirit
rElec    .         Harm     .   m - ring of protection from magic
rCorr    .         Rampage  .   n - ring of wizardry
MR       +....                  o - ring of protection from fire
Stlth    +++.......             (no ring)
HPRegen  0.15/turn              (no ring)
MPRegen  0.12/turn              (no ring)
                                (no ring)
                                (no ring)

@: no status effects
A: almost no armour, stealthy swim, amphibious, 8 rings, constrict 8, camouflage
1, gelatinous body 1
a: no special abilities


You were on level 4 of the Dungeon.
You visited 1 branch of the dungeon, and saw 5 of its levels.

You collected 346 gold pieces.

Inventory:

Hand Weapons
 a - a +3 dagger of venom (weapon)
 g - a +0 dagger of venom
Missiles
 c - 113 stones (quivered)
 k - a throwing net
 t - 5 silver javelins
Jewellery
 m - a ring of protection from magic (left tentacle)
 n - a ring of wizardry (right tentacle)
 o - a ring of protection from fire (on tentacle)
 u - an amulet of guardian spirit (around mantle)
Scrolls
 b - 3 scrolls of remove curse {unknown}
 d - a scroll of teleportation {unknown}
 h - 2 scrolls of immolation {unknown}
 i - a scroll of enchant armour {unknown}
 j - 4 scrolls of identify {unknown}
 p - a scroll of fear {unknown}
 r - a scroll of amnesia {unknown}
 v - a scroll of magic mapping {unknown}
Potions
 e - a potion of heal wounds {unknown}
 f - a potion of resistance
 l - 4 potions of curing
 s - a potion of invisibility {unknown}


   Skills:
 + Level 3.2 Fighting
 - Level 3.0 Dodging
 - Level 4.0 Stealth
 - Level 3.0 Unarmed Combat
 - Level 3.0 Spellcasting
 + Level 4.6 Transmutations
 + Level 3.4 Poison Magic


You had 8 spell levels left.
You knew the following spells:

 Your Spells              Type           Power        Failure   Level
a - Beastly Appendage     Tmut           ###...       1%          1
b - Spider Form           Tmut/Pois      ###.......   4%          3

Your spell library contained the following spells:

 Spells                   Type           Power        Failure   Level
 Wereblood                Tmut           ###.....     1%          2
 Confusing Touch          Hex            #.......     21%         3
 Gell's Gravitas          Tloc           #.........   21%         3
 Ice Form                 Ice/Tmut       ##......     26%         4
 Petrify                  Tmut/Erth      ##......     26%         4
 Blade Hands              Tmut           ###.......   28%         5
 Yara's Violent Unravell  Hex/Tmut       ##........   56%         5
 Metabolic Englaciation   Hex/Ice        #.........   86%         5


Dungeon Overview and Level Annotations

Branches:
Dungeon (5/15)
 Temple: D:4-7

Altars:
Cheibriados
Hepliaklqana
Makhleb
Nemelex Xobeh
Xom
The Shining One


Innate Abilities, Weirdness & Mutations

You cannot wear most types of armour.
You are very stealthy in the water. (Stealth+)
You are amphibious.
You can wear up to eight rings at the same time.
You can use your tentacles to constrict eight enemies at once.
Your skin changes colour to match your surroundings (Stealth+).
Your rubbery body absorbs attacks. (AC +1, EV +1)


Message History

The orc wizard shouts!
You hear a shout!
Unknown command.
The orc priest closely misses you.
You climb upwards.
There is a stone staircase leading down here.
Unknown command.
You closely miss the orc priest. You grab the orc priest.
You constrict the orc priest. The ogre hits you with a +0 giant club!
The orc priest hits you with a +0 war axe!
* * * LOW HITPOINT WARNING * * *
Unknown command.
You release your grip on the orc priest.
The orc priest calls down the wrath of Beogh upon you.
Pain shoots through your body!
* * * LOW HITPOINT WARNING * * *
The orc priest mumbles some strange prayers to Beogh against you.
You resist with some effort.
The orc priest mumbles some strange prayers to Beogh against you.
Beogh smites you!
You die...

#####≈### ##≈≈≈≈≈..##
###≈≈≈≈≈≈≈≈.# ##########
#≈≈≈≈≈≈≈≈.≈.# ##.....#...
#######≈≈≈≈≈≈≈≈.###..........
##...#######[≈≈≈≈##........... #
##..)........≈≈≈≈.##........... #
#...>.......≈≈≈≈≈.##<..........
###...........≈≈@≈≈.##...........
.....>.......>.O≈.≈≈##...........
..............o≈≈≈)≈##........)..
###.#...##.....≈≈≈≈..............
#....###.....≈.≈≈..###.....#... #
####.#####...≈≈≈≈≈##########.## #
#..# ##...≈≈≈≈.....### #.# #
##.###..#.≈≈≈≈.###...####.##
#######....[.#.≈.≈≈#######.......


You could see an ogre (very poisoned) and an orc priest.

Vanquished Creatures
  A scorpion (D:5)
  A howler monkey (D:4)
  A hound (D:5)
  An orc priest (D:5)
  An iron imp (D:5)
  4 orc wizards
  4 worker ants
  A hound skeleton (D:4)
  3 gnolls (D:3)
  6 adders
  An adder skeleton (D:4)
  3 worms
  2 dart slugs
  A leopard gecko (D:5)
  16 orcs
  5 bats
  2 giant cockroaches (D:2)
  7 goblins
  A hobgoblin (D:3)
  6 jackals
  8 kobolds
  3 quokkas
  3 frilled lizards
  A goblin skeleton (D:5)
  A kobold skeleton (D:5)
  2 kobold zombies (D:5)
  An orc skeleton (D:5)
  An orc zombie (D:5)
  A quokka skeleton (D:4)
  2 quokka zombies (D:5)
  2 rats (D:2)
92 creatures vanquished.

Notes
Turn   | Place    | Note
-------+----------+-------------------------------------------
     0 | D:1      | Gezukamaru the Octopode Transmuter began the quest for the
                  | Orb.
     0 | D:1      | Reached XP level 1. HP: 13/13 MP: 3/3
   210 | D:1      | Reached XP level 2. HP: 11/18 MP: 5/5
   227 | D:1      | Reached skill level 1 in Stealth
   908 | D:2      | Found a shimmering altar of Xom.
   909 | D:2      | Found a hazy altar of Hepliaklqana.
   910 | D:2      | Noticed a spectral ugly thing
   986 | D:2      | Reached XP level 3. HP: 23/23 MP: 6/6
  1294 | D:2      | HP: 1/24 [poisoned by an adder]
  1602 | D:2      | Reached XP level 4. HP: 26/29 MP: 7/7
  2117 | D:2      | Learned a level 3 spell: Spider Form
  2293 | D:3      | Found a burning altar of Makhleb.
  2379 | D:3      | Found a snail-covered altar of Cheibriados.
  2379 | D:3      | Noticed a torpor snail
  2424 | D:3      | Found a faded altar of an unknown god.
  3160 | D:4      | Reached skill level 1 in Poison Magic
  3160 | D:4      | Reached XP level 5. HP: 34/34 MP: 7/9
  3544 | D:4      | Reached XP level 6. HP: 41/41 MP: 10/10
  3815 | D:5      | Entered Level 5 of the Dungeon
  4156 | D:5      | Reached XP level 7. HP: 29/46 MP: 6/11
  4337 | D:5      | Found a sparkling altar of Nemelex Xobeh.
  4358 | D:5      | Found a glowing golden altar of the Shining One.
  4987 | D:4      | Killed from afar by an orc priest

Illustrated notes

Levels and vault maps discovered:
D:1:      dpeg_arrival_round_b, layout_rooms
D:2:      layout_loops_corners, regret_index_temple_of_mockery
D:3:      layout_rooms, general_overflow_altar,
          chequers_ecumenical_altar_twisty, cheibriados_altar_2
D:4:      layout_rooms, serial_rivers, chequers_serial_rivers_micro_e,
          chequers_serial_rivers_large_a, chequers_serial_rivers_room_b,
          chequers_serial_rivers_small_a
D:5:      layout_loops_ring, nicolae_tso_besieged_by_evil,
          nemelex_diamond_rough_becter

Skill      XL: |  1  2  3  4  5  6 |
---------------+-------------------+-----
Stealth        | 1 2 3 4 |  4.0
Fighting       | 2 3 |  3.2
Poison Magic   | 1 3 |  3.4
Dodging        | 3 |  3.0
Transmutations | 3 4 |  4.6
Spellcasting   | 3 |  3.0
Unarmed Combat | |  3.0

Action                   |  1- 3 |  4- 6 |  7- 9 || total
-------------------------+-------+-------+-------++-------
Melee: Unarmed           |    14 |       |       ||    14
       Dagger            |    40 |   111 |    40 ||   191
       Constrict         |    11 |    29 |    17 ||    57
       Tentacles         |     7 |    14 |    13 ||    34
       Punch             |       |     2 |       ||     2
Throw: Stone             |     2 |     3 |     4 ||     9
       Javelin           |       |    10 |     5 ||    15
  Use: Potion            |     5 |       |     1 ||     6
 Stab: Sleeping          |     7 |     8 |     1 ||    16
Armor: Skin              |     2 |     6 |     1 ||     9
Dodge: Dodged            |    26 |    46 |    45 ||   117

Table legend: (Time is in decaauts)
 A = Elapsed time spent in this place.
 B = Non-inter-level travel time spent in this place.
 C = Inter-level travel time spent in this place.
 D = Time resting spent in this place.
 E = Time spent auto-exploring this place.
 F = Levels seen in this place.
 G = Mean time per level.
                   A        B        C        D        E       F      G
               +--------+--------+--------+--------+--------+-----+--------+
         Total |   4974 |   4908 |     66 |   1343 |   2669 |   5 |  994.8 |
       Dungeon |   4974 |   4908 |     66 |   1343 |   2669 |   5 |  994.8 |
               +--------+--------+--------+--------+--------+-----+--------+

Top non-repeatable levels by time:
     D:2: 1513 daAuts
     D:4: 1053 daAuts
     D:3: 901 daAuts
     D:5: 897 daAuts
     D:1: 607 daAuts
